 Dungeon Crawl Stone Soup version 0.20.0-4-g10b340a (webtiles) character file.

46471 Haldmier the Spry (level 14, -4/96 HPs)
             Began as a Kobold Hunter on May 27, 2017.
             Was a High Priest of Dithmenos.
             Slain by an alligator simulacrum (19 damage)
             ... in an ice cave.
             The game lasted 02:00:32 (25252 turns).

Haldmier the Spry (Kobold Hunter)                  Turns: 25252, Time: 02:00:33

Health: -4/96      AC: 25    Str: 20    XL:     14   Next: 76%
Magic:  14/14      EV: 19    Int: 15    God:    Dithmenos [*****.]
Gold:   1317       SH:  4    Dex: 15    Spells: 13/13 levels left

rFire    + . .     SeeInvis .   b - +7 spear of Intuition {pierce, *Corrode +Blink rN+++ Int+2}
rCold    . . .     Gourm    .   k - +0 buckler
rNeg     + + +     Faith    .   S - +3 chain mail "Ytwist" {rF+ Regen+ Str+6}
rPois    +         Spirit   .   l - +0 helmet
rElec    .         Reflect  .   i - +1 cloak
rCorr    .         Harm     .   Z - +2 pair of gloves
MR       +....                  (no boots)
Stlth    ..........             c - amulet of regeneration
Regen    1.1/turn               F - ring of poison resistance
MPRegen  0.2/turn               Y - +3 ring of protection

@: wreathed by umbra
A: carnivore 3
a: Shadow Step, Shadow Form, Renounce Religion, Evoke Blink


You were in an ice cave.
You worshipped Dithmenos.
Dithmenos was extremely pleased with you.
You were completely stuffed.

You visited 4 branches of the dungeon, and saw 21 of its levels.
You also visited: Ice Cave.

You collected 1317 gold pieces.

Inventory:

Hand Weapons
 a - a +2 hand crossbow
 b - the +7 spear of Intuition (weapon) {pierce, *Corrode +Blink rN+++ Int+2}
   (You found it on level 4 of the Dungeon)

   It inflicts extra damage upon your enemies.
   It affects your intelligence (+2).
   It renders you almost immune to negative energy.
   It lets you blink.
   It may corrode you when you take damage.
 W - a +1 short sword of draining
Missiles
 d - 64 bolts
 y - 7 tomahawks (quivered)
Armour
 i - a +1 cloak (worn)
 k - a +0 buckler (worn)
 l - a +0 helmet (worn)
 z - a +1 leather armour of cold resistance
 D - the +2 robe of the Castellan {rCorr, unknown}
   (You found it on level 11 of the Dungeon)

   It protects you from acid and corrosion.
 S - the +3 chain mail "Ytwist" (worn) {rF+ Regen+ Str+6}
   (You found it on level 2 of the Lair of Beasts)

   It affects your strength (+6).
   It protects you from fire.
   It increases your rate of regeneration.
 Z - a +2 pair of gloves (worn)
Jewellery
 c - an amulet of regeneration (around neck)
 m - an uncursed ring of ice
 q - an uncursed ring of ice
 r - an uncursed ring of see invisible
 B - an uncursed ring of protection from fire
 F - a ring of poison resistance (left hand)
 J - an uncursed ring of fire
 Y - a +3 ring of protection (right hand)
Wands
 e - a wand of iceblast (4/15)
 j - a wand of paralysis (14/24)
 K - a wand of confusion (10/48)
 N - a wand of paralysis (11/24)
 V - a wand of acid (15/15)
Scrolls
 h - 7 scrolls of remove curse
 p - a scroll of enchant armour
 s - 8 scrolls of teleportation
 t - a scroll of identify
 I - a scroll of magic mapping
 Q - a scroll of fear
Potions
 o - a potion of resistance
 u - 2 potions of flight
 v - 5 potions of curing
 x - 4 potions of lignification
 A - 2 potions of cancellation
 C - 2 potions of might
 E - a potion of heal wounds
 H - a potion of haste
 U - 2 potions of berserk rage
Books
 w - a book of Power

   Spells                             Type                      Level
   a - Iskenderun's Battlesphere      Conjuration/Charms           5
   b - Venom Bolt                     Conjuration/Poison           5
   c - Bolt of Magma                  Conjuration/Fire/Earth       5
   d - Iron Shot                      Conjuration/Earth            6
   e - Orb of Destruction             Conjuration                  7
   f - Spellforged Servitor           Conjuration/Summoning        7
Miscellaneous
 M - a box of beasts
Comestibles
 f - 7 meat rations
 g - 19 royal jellies


   Skills:
 + Level 14.3 Fighting
 - Level 10.0 Crossbows
 + Level 11.5 Armour
 + Level 15.4 Dodging
 - Level 5.1 Stealth


You had 13 spell levels left.
You didn't know any spells.

Dungeon Overview and Level Annotations

Branches:
Dungeon (12/15)            Temple (1/1) D:6            Lair (6/6) D:10
 Shoals (0/4) Lair:4       Spider (0/4) Lair:2        Slime (0/5) Lair:5
    Orc (2/2) D:9
    Elf: Orc:2

Altars:
Ashenzari
Cheibriados
Dithmenos
Elyvilon
Fedhas
Gozag
Hepliaklqana
Kikubaaqudgha
Makhleb
Nemelex Xobeh
Okawaru
Qazlal
Ru
Sif Muna
Trog
Uskayaw
Vehumet
Xom
Yredelemnul
Zin
The Shining One
Jiyva

Annotations:
Lair:2 exclusion: 2 downstairs
Lair:3 Rupert; Snorg
Lair:5 meat in freezer - apportion or RC+, exclusion: downstairs
Orc:2 exclusion: upstairs


Innate Abilities, Weirdness & Mutations

You are small and have problems with some larger weapons.
You are carnivorous and can eat meat at any time.


Message History

The wolf spider simulacrum hits you but does no damage.
The wolf spider simulacrum bites you but does no damage.
The alligator simulacrum bites you. The alligator simulacrum freezes you!!
* * * LOW HITPOINT WARNING * * *
The alligator simulacrum barely misses you.
You block the swamp dragon simulacrum's attack.
The swamp dragon simulacrum claws you but does no damage.
The swamp dragon simulacrum misses you. The alligator simulacrum misses you.
The alligator simulacrum tail-slaps you but does no damage.
The wolf spider simulacrum closely misses you.
The wolf spider simulacrum bites you but does no damage.
The swamp dragon simulacrum bites you but does no damage.
You block the swamp dragon simulacrum's attack.
The swamp dragon simulacrum barely misses you.
The wolf spider simulacrum misses you.
The wolf spider simulacrum bites you but does no damage.
The alligator simulacrum bites you!
* * * LOW HITPOINT WARNING * * *
The alligator simulacrum freezes you!!
You die...

#### ##..##
##
##....##..##
#..Z.......#
#.@Z∩.(.(...
#..Z....##..
##....###
##..## ####


You could see an alligator simulacrum, a swamp dragon simulacrum and a wolf
spider simulacrum.

Vanquished Creatures
  Fannar (Lair:1)
  A hydra (D:11)
  A catoblepas (Lair:4)
  The ghost of IjonTichy1 the Covert, a journeyman KoBe of Trog (D:11)
  3 two-headed ogres
  14 death yaks
  Sonja (Lair:3)
  A sea snake (Lair:6)
  An ugly thing (D:11)
  2 cyclopes (D:11)
  3 manticores
  2 black mambas (Lair:4)
  An elephant (Lair:2)
  9 spiny frogs
  4 rime drakes
  5 komodo dragons
  2 ice devils (D:12)
  5 trolls
  4 polar bears
  A merfolk (Lair:3)
  4 hornets
  Prince Ribbit (D:5)
  10 blink frogs
  5 hippogriffs
  3 dream sheep (Lair:5)
  32 yaks
  A redback (Lair:2)
  3 wyverns
  3 fire bats (Lair:2)
  A wraith (D:10)
  3 humans (Lair:5)
  3 basilisks
  2 hungry ghosts
  2 wargs
  11 soldier ants
  13 water moccasins
  A porcupine (Lair:5)
  An eye of draining (D:8)
  8 orc warriors
  A necrophage (D:8)
  A sky beast (D:8)
  2 black bears
  The ghost of inmateoo the Ruffian, an amateur MiMo (D:3)
  A phantom (D:4)
  3 wolves (Lair:6)
  5 ogres
  8 centaurs
  12 crocodiles
  A big kobold (D:11)
  16 bullfrogs
  A gnoll sergeant (D:9)
  4 jellies
  4 scorpions
  16 killer bees
  4 howler monkeys
  3 lava snakes (Lair:2)
  5 crimson imps
  13 orc priests
  4 hounds
  2 bullfrog skeletons (D:10)
  10 orc wizards
  Crazy Yiuf (D:5)
  7 iguanas
  14 worker ants
  A wolf simulacrum (IceCv)
  A hound skeleton (D:4)
  A worker ant zombie (D:4)
  15 adders
  10 gnolls
  An ooze (D:6)
  2 adder zombies
  2 worms
  2 dart slugs
  5 leopard geckos
  50 orcs
  7 bats
  A bat zombie (D:2)
  9 giant cockroaches
  8 goblins
  7 hobgoblins
  11 jackals
  12 kobolds
  5 quokkas
  4 frilled lizards
  A giant cockroach zombie (D:6)
  A goblin skeleton (D:5)
  A goblin zombie (D:5)
  2 hobgoblin zombies (D:5)
  2 kobold skeletons (D:5)
  2 kobold zombies (D:5)
  An orc skeleton (D:5)
  5 rats
  3 rat zombies (D:2)
  2 bushes
  2 fire vortices (Lair:2)
484 creatures vanquished.

Vanquished Creatures (others)
  A human (Lair:5)
  4 bushes (Lair:5)
  A fire vortex (Lair:2)
  29 fungi
  12 plants
47 creatures vanquished.

Grand Total: 531 creatures vanquished

Notes
Turn   | Place    | Note
-------+----------+-------------------------------------------
     0 | D:1      | Haldmier the Kobold Hunter began the quest for the Orb.
     0 | D:1      | Reached XP level 1. HP: 12/12 MP: 1/1
   300 | D:1      | Reached skill level 5 in Crossbows
   335 | D:1      | Reached XP level 2. HP: 18/18 MP: 2/2
   907 | D:1      | Reached XP level 3. HP: 15/22 MP: 3/3
  1698 | D:2      | Reached skill level 3 in Dodging
  1700 | D:2      | Gained mutation: Potions are less effective at restoring your health. [potion of mutation]
  1700 | D:2      | Gained mutation: You evolve. [potion of mutation]
  1700 | D:2      | Gained mutation: Your spells are a little harder to cast, but a little more powerful. [potion of mutation]
  1978 | D:2      | Found a blossoming altar of Fedhas.
  2019 | D:2      | Found a basalt altar of Yredelemnul.
  2111 | D:2      | Reached XP level 4. HP: 27/27 MP: 4/4
  2173 | D:2      | Found a sacrificial altar of Ru.
  2218 | D:2      | Found a shattered altar of Ashenzari.
  2359 | D:2      | Found an ancient bone altar of Kikubaaqudgha.
  2723 | D:3      | Reached XP level 5. HP: 30/32 MP: 5/5
  2739 | D:3      | Lost mutation: Your spells are a little harder to cast, but a little more powerful. [evolution]
  3032 | D:3      | Noticed inmateoo's ghost (amateur MiMo)
  4170 | D:4      | Reached XP level 6. HP: 22/37 MP: 6/6
  4548 | D:4      | Reached skill level 4 in Dodging
  4666 | D:4      | Reached XP level 7. HP: 20/42 MP: 7/7
  4702 | D:4      | HP: 2/42 [poisoned by a scorpion]
  5416 | D:4      | Reached skill level 5 in Stealth
  5671 | D:4      | Found a sparkling altar of Nemelex Xobeh.
  5675 | D:4      | Got a crude spear
  5680 | D:4      | Identified the +7 spear of Intuition {pierce, *Corrode +Blink rN+++ Int+2} (You found it on level 4 of the Dungeon)
  5732 | D:4      | Found a shadowy altar of Dithmenos.
  5739 | D:4      | Became a worshipper of Dithmenos the Shadowed
  5748 | D:4      | Found a deep blue altar of Sif Muna.
  5752 | D:4      | Found a shimmering altar of Xom.
  5839 | D:5      | Entered Level 5 of the Dungeon
  5940 | D:5      | Lost mutation: Potions are less effective at restoring your health. [evolution]
  5940 | D:5      | Lost mutation: You evolve. [end of evolution]
  5979 | D:5      | Noticed Prince Ribbit
  6205 | D:5      | Killed Prince Ribbit
  6205 | D:5      | Reached skill level 5 in Dodging
  6205 | D:5      | Reached XP level 8. HP: 36/48 MP: 8/8
  6431 | D:5      | Found a glowing golden altar of the Shining One.
  6759 | D:4      | Reached skill level 5 in Fighting
  6811 | D:5      | Found a runed door.
  6815 | D:5      | Noticed Crazy Yiuf
  7462 | D:5      | Killed Crazy Yiuf
  7720 | D:5      | Reached skill level 6 in Dodging
  7939 | D:6      | HP: 1/50 [orc warrior/scimitar (18)]
  8375 | D:6      | Reached XP level 9. HP: 55/55 MP: 9/9
  8893 | D:6      | Reached * piety under Dithmenos
  9109 | D:6      | Reached skill level 10 in Crossbows
  9165 | D:6      | Found a staircase to the Ecumenical Temple.
  9177 | Temple   | Entered the Ecumenical Temple
  9484 | D:6      | Reached skill level 7 in Dodging
 10837 | D:8      | Reached skill level 8 in Dodging
 10843 | D:8      | Found an iron altar of Okawaru.
 10872 | D:8      | Noticed a hippogriff
 10887 | D:8      | Killed a hippogriff
 11167 | D:8      | Noticed a two-headed ogre
 11182 | D:8      | Killed a two-headed ogre
 11182 | D:8      | Reached skill level 9 in Dodging
 11182 | D:8      | Reached XP level 10. HP: 42/65 MP: 10/10
 11564 | D:8      | Reached skill level 10 in Dodging
 12091 | D:9      | Reached ** piety under Dithmenos
 12222 | D:9      | Noticed a two-headed ogre
 12234 | D:9      | Killed a two-headed ogre
 12234 | D:9      | Reached skill level 10 in Fighting
 12240 | D:9      | Reached skill level 11 in Dodging
 12344 | D:9      | Found a staircase to the Orcish Mines.
 12467 | D:9      | Reached XP level 11. HP: 73/73 MP: 11/11
 12904 | D:9      | Reached *** piety under Dithmenos
 12924 | D:10     | Entered Level 10 of the Dungeon
 12959 | D:10     | Reached skill level 12 in Dodging
 13015 | D:10     | Found a shattered altar of Ashenzari.
 13065 | D:10     | Noticed a death yak
 13111 | D:9      | Upgraded the game from 0.20.0-1-g1cb1d84 to 0.20.0-4-g10b340a
 13132 | Orc:1    | Entered Level 1 of the Orcish Mines
 13335 | Orc:2    | Entered Level 2 of the Orcish Mines
 13518 | Orc:1    | Noticed an orc knight
 13795 | Orc:2    | Noticed an orc high priest
 13860 | Orc:2    | Noticed a sun demon
 13961 | D:10     | Noticed a death yak
 14298 | D:10     | Noticed a death yak
 14445 | D:10     | Found a staircase to the Lair.
 14453 | Lair:1   | Entered Level 1 of the Lair of Beasts
 14468 | Lair:1   | Noticed Fannar
 14809 | Lair:1   | Reached skill level 13 in Dodging
 15053 | Lair:2   | Found a hide-covered altar of Uskayaw.
 15156 | Lair:2   | Reached **** piety under Dithmenos
 15520 | Lair:2   | Found a hole to the Spider Nest.
 15589 | Lair:2   | Got a pitted chain mail
 15600 | Lair:2   | Identified the +3 chain mail "Ytwist" {rF+ Regen+ Str+6} (You found it on level 2 of the Lair of Beasts)
 15630 | Lair:2   | Reached skill level 1 in Armour
 15867 | Lair:3   | Noticed Rupert
 15930 | Lair:3   | Reached XP level 12. HP: 82/82 MP: 12/12
 16482 | Lair:3   | Noticed Snorg
 16534 | Lair:2   | Reached skill level 5 in Armour
 16661 | Lair:3   | Noticed Sonja
 16712 | Lair:3   | Killed Sonja
 17523 | Lair:4   | Found a staircase to the Shoals.
 17664 | Lair:5   | Noticed a death yak
 17664 | Lair:5   | Noticed a death yak
 17664 | Lair:5   | Noticed a death yak
 17664 | Lair:5   | Noticed a death yak
 17672 | Lair:5   | Noticed a death yak
 17995 | Lair:5   | Noticed a catoblepas
 18135 | Lair:4   | Killed a catoblepas
 18135 | Lair:4   | Reached XP level 13. HP: 85/87 MP: 13/13
 18398 | Lair:5   | Found a staircase to the Slime Pits.
 18399 | Lair:5   | Found a viscous altar of Jiyva.
 19238 | Lair:5   | Reached skill level 10 in Armour
 19844 | Lair:5   | Reached ***** piety under Dithmenos
 20828 | Lair:5   | Reached skill level 14 in Dodging
 20858 | Lair:6   | Entered Level 6 of the Lair of Beasts
 21586 | Lair:6   | Reached XP level 14. HP: 84/94 MP: 14/14
 21919 | Lair:6   | Noticed an entropy weaver
 22606 | Lair:1   | Killed Fannar
 23253 | D:10     | Reached skill level 15 in Dodging
 23924 | D:3      | Killed inmateoo's ghost
 24679 | D:11     | Noticed IjonTichy1's ghost (journeyman KoBe)
 24724 | D:11     | Killed IjonTichy1's ghost
 24724 | D:11     | Reached ****** piety under Dithmenos
 24767 | D:11     | Got a colourful robe
 25166 | D:12     | Found a frozen archway.
 25238 | IceCv    | Entered an ice cave
 25252 | IceCv    | Slain by an alligator simulacrum

Skill      XL: |  1  2  3  4  5  6  7  8  9 10 11 12 13 14 |
---------------+-------------------------------------------+-----
Crossbows      | 5 6 7 8 9 10 | 10.0
Stealth        | 2 3 4 5 |  5.1
Dodging        | 3 4 5 6 9 11 13 14 15 | 15.4
Fighting       | 3 4 5 8 10 12 13 14 | 14.3
Armour         | 2 8 10 11 | 11.5

Action                   |  1- 3 |  4- 6 |  7- 9 | 10-12 | 13-15 || total
-------------------------+-------+-------+-------+-------+-------++-------
Melee: Short sword       |   313 |    55 |       |       |       ||   368
       Dagger            |       |   193 |    41 |       |       ||   234
       Spear             |       |       |   303 |   947 |  1358 ||  2608
 Fire: Hand crossbow     |     9 |    24 |    76 |   114 |    78 ||   301
 Abil: Evoke Blink       |       |       |       |     1 |       ||     1
Evoke: Wand              |       |       |       |     6 |       ||     6
  Use: Potion            |     4 |       |     2 |       |       ||     6
       Scroll            |       |       |    18 |     7 |     7 ||    32
 Stab: Sleeping          |     1 |    16 |    11 |     7 |     1 ||    36
       Distracted        |       |       |       |     1 |       ||     1
       Paralysed         |       |       |       |     3 |       ||     3
       Confused          |       |       |       |     1 |       ||     1
  Eat: Chunk             |    10 |    11 |    21 |    31 |    27 ||   100
Armor: Leather armour    |    20 |    32 |     4 |     7 |     9 ||    72
       Ring mail         |       |       |    47 |    49 |       ||    96
       Chain mail        |       |       |       |   151 |   402 ||   553
Dodge: Dodged            |   116 |   185 |   229 |   890 |  1193 ||  2613
Block: Buckler           |       |       |    44 |   241 |   269 ||   554
